 Dungeon Crawl Stone Soup version 0.17-a0-1850-g688e747 (webtiles) character file.

81 hal2100 the Firebug (level 4, 0/30 HPs)
             Began as a Demonspawn Fire Elementalist on Sept 19, 2015.
             Slain by a worker ant (1 damage)
             ... on level 3 of the Dungeon.
             The game lasted 00:21:19 (1947 turns).

hal2100 the Firebug (Demonspawn Fire Elementalist)  Turns: 1947, Time: 00:21:19

Health: 0/30       AC: 11    Str: 10    XL:     4   Next: 19%
Magic:  0/7        EV: 10    Int: 16    God:
Gold:   74         SH:  0    Dex: 13    Spells: 3 memorised, 2 levels left

rFire  . . .     SeeInvis .     v - +0 mace (protect)
rCold  . . .     Clarity  .     j - +0 ring mail (curse)
rNeg   . . .     SustAt   .     (no shield)
rPois  .         Gourm    .     m - +0 helmet
rElec  .         Spirit   +     (no cloak)
rCorr  .         Warding  .     (no gloves)
rMut   .         Stasis   .     (no boots)
MR     .....                    (no amulet)
Stlth  +.........               (no ring)
                                (no ring)

@: lethally poisoned (0 -> -3), very slightly contaminated, hasted, very quick,
not resistant to hostile enchantments, very unstealthy
A: hooves 1, magic shield
a: no special abilities


You were on level 3 of the Dungeon.
You were hungry.

You visited 1 branch of the dungeon, and saw 3 of its levels.

You collected 74 gold pieces.

Inventory:

Hand weapons
 i - a +0 short sword
 k - a +2 short sword of venom
 v - a +0 mace of protection (weapon)
 w - a +0 dagger of venom
Missiles
 r - a throwing net (quivered)
 u - 4 tomahawks
Armour
 a - a +0 robe
 j - a cursed +0 ring mail (worn)
 m - a +0 helmet (worn)
Magical staves
 o - an uncursed staff of earth
Scrolls
 f - 4 scrolls of identify
 p - a scroll of blinking
Potions
 e - a potion of brilliance {unknown}
 g - a potion of might
 l - a potion of curing {unknown}
 n - a potion of poison {unknown}
 q - a potion of haste
 s - a potion of heal wounds {unknown}
 t - a potion of lignification {unknown}
Books
 b - a book of Flames

   Spells                             Type                      Level
   a - Flame Tongue                   Conjuration/Fire             1
   b - Throw Flame                    Conjuration/Fire             2
   c - Conjure Flame                  Conjuration/Fire             3
   d - Inner Flame                    Hexes/Fire                   3
   e - Sticky Flame                   Conjuration/Fire             4
   f - Fireball                       Conjuration/Fire             5
Comestibles
 c - a bread ration
 d - a beef jerky
 h - a chunk of flesh


   Skills:
 + Level 0.3 Short Blades
 + Level 1.0 Throwing
 + Level 0.1 Armour
 + Level 1.8 Dodging
 + Level 2.0 Stealth
 + Level 0.5 Unarmed Combat
 + Level 2.6 Spellcasting
 + Level 1.6 Conjurations
 + Level 3.3 Fire Magic


You had 2 spell levels left.
You knew the following spells:

 Your Spells              Type           Power        Failure   Level  Hunger
a - Flame Tongue          Conj/Fire      ##...        21%         1    #......
b - Throw Flame           Conj/Fire      ##....       30%         2    ##.....
c - Conjure Flame         Conj/Fire      ##......     61%         3    ###....


Dungeon Overview and Level Annotations

Branches:
Dungeon (3/15)

Altars:
Gozag
Nemelex Xobeh


Innate Abilities, Weirdness & Mutations

You have large cloven feet.
When hurt, damage is shared between your health and your magic reserves.


Message History

You feel sick.
You closely miss the worker ant.
You kick the worker ant, but do no damage.
The worker ant is almost dead.
The worker ant bites you.
* * * LOW HITPOINT WARNING * * *
The worker ant bites you.
* * * LOW HITPOINT WARNING * * *
* * * LOW HITPOINT WARNING * * *
You feel sick.
Drink which item? (? for menu, Esc to quit)
It was a potion of haste.
You feel yourself speed up. The worker ant closely misses you.
* * * LOW HITPOINT WARNING * * *
You feel sick.
You hit the worker ant but do no damage.
You kick the worker ant, but do no damage.
The worker ant is almost dead.
The worker ant bites you.
You die...

#####.####.###.#
#..............#
#.###.####.##
#.#......#.#
#.#.#.#.##.#
#.#.#.#.#[#.##.#
#.#.#.#.#.. .#.#
#.#.#.#.######.#
#.#.#.#...@a...#
#.#.#.##########
#.#.#.#
#######...#.###
..............#
#######.#.#.###
#######


You could see a worker ant.

Vanquished Creatures
  3 adders (D:2)
  2 worms
  5 orcs (D:3)
  4 giant cockroaches
  2 goblins (D:1)
  7 hobgoblins
  2 jackals (D:2)
  7 bats
  3 giant newts
  4 kobolds
  2 quokkas (D:3)
  A rat (D:2)
42 creatures vanquished.

Notes
Turn   | Place    | Note
--------------------------------------------------------------
     0 | D:1      | hal2100 the Demonspawn Fire Elementalist began the quest for the Orb.
     0 | D:1      | Reached XP level 1. HP: 13/13 MP: 3/3
   301 | D:1      | Reached skill level 3 in Fire Magic
   381 | D:1      | Gained mutation: You have large cloven feet. [demonic ancestry]
   381 | D:1      | Reached XP level 2. HP: 17/19 MP: 0/5
  1012 | D:2      | Gained mutation: When hurt, damage is shared between your health and your magic reserves. [demonic ancestry]
  1012 | D:2      | Reached XP level 3. HP: 17/24 MP: 4/6
  1016 | D:2      | Learned a level 2 spell: Throw Flame
  1020 | D:2      | Learned a level 3 spell: Conjure Flame
  1145 | D:2      | Found an opulent altar of Gozag.
  1241 | D:2      | Found a sparkling altar of Nemelex Xobeh.
  1381 | D:2      | Reached skill level 1 in Throwing
  1605 | D:3      | Reached XP level 4. HP: 30/30 MP: 1/7
  1946 | D:3      | HP: 1/30 [poisoned by a worker ant]
  1947 | D:3      | Slain by a worker ant

Vault maps used:
D:1:      dpeg_arrival_rooms_c, hangedman_decor_push
D:2:      lemuel_coloured_pillars_altar, roderic_hopi_sauvastika, st_stairs_12,
          nemelex_lonely_heart_becter
D:3:      nemelex_diamond_rough_becter

Action                   |  1- 3 |  4- 6 || total
-------------------------+-------+-------++-------
Melee: Unarmed           |    12 |       ||    12
       Short sword       |    41 |     9 ||    50
       Mace              |       |     7 ||     7
       Dagger            |       |     2 ||     2
Throw: Throwing net      |    16 |     1 ||    17
       Tomahawk          |       |     3 ||     3
 Cast: Flame Tongue      |    35 |     3 ||    38
       Throw Flame       |     5 |       ||     5
  Use: Scroll            |     1 |     1 ||     2
       Potion            |       |     1 ||     1
  Eat: Chunk             |     3 |     1 ||     4
